 Dungeon Crawl Stone Soup version 0.30-a0-948-g4fa250aae5 (webtiles) character file.

Game seed: 14939611250573439330

91935 Sobieck the Wrestler (level 15, -4/154 HPs)
             Began as a Troll Monk on Mar 25, 2023.
             Was the Champion of Wu Jian.
             Slain by a black mamba (13 damage)
             ... led by a naga ritualist
             ... on level 1 of the Snake Pit on Mar 26, 2023.
             The game lasted 00:45:29 (19527 turns).

Sobieck the Wrestler (Troll Monk)                  Turns: 19527, Time: 00:45:30

Health: -4/154     AC:  8    Str: 41    XL:     15   Next: 56%
Magic:  14/14      EV: 10    Int:  6    God:    Wu Jian [******]
Gold:   1929       SH:  0    Dex: 12    Spells: 14/14 levels left

rFire   . . .      SeeInvis .      - Unarmed
rCold   . . .      Faith    .    (no shield)
rNeg    . . .      Spirit   .    p - +0 troll leather armour
rPois   x          Reflect  .    S - +2 hat
rElec   .          Rampage  .    c - scarf {repulsion}
rCorr   .                        (gloves unavailable)
Will    +....                    (boots unavailable)
Stlth   +                        t - amulet of magic regeneration {@e2}
HPRegen 2.05/turn                P - +6 ring of strength
MPRegen 0.54/turn                g - +6 ring of strength

@: lethally poisoned (-4 -> -28), poison vulnerable, repel missiles
A: large, unfitting armour, claws 3, regeneration 1, shaggy fur 1, tough skin 1
a: Renounce Religion, Wall Jump, Serpent's Lash, Heavenly Storm


You were on level 1 of the Snake Pit.
You worshipped Wu Jian.
Wu Jian was exalted by your worship.
You visited 5 branches of the dungeon, and saw 24 of its levels.
You also visited: Ice Cave.

You collected 2550 gold pieces.
You spent 621 gold pieces at shops.


Innate Abilities, Weirdness & Mutations

You are too large for most types of armour.
You have claws for hands.
Your natural rate of healing is unusually fast.
You are covered in fur. (AC +1)
You have tough skin. (AC +1)


   Skills:
 + Level 11.3 Fighting
 + Level 3.7 Dodging
 - Level 1.0 Stealth
 + Level 24.1 Unarmed Combat


You had 14 spell levels left.
You didn't know any spells.
Your spell library contained the following spells:

 Spells                   Type           Power      Damage    Failure   Level
 Apportation              Tloc           0%         N/A       47%         1
 Necrotise                Necr           0%         1d4       47%         1
 Summon Small Mammal      Summ           0%         N/A       47%         1
 Blink                    Tloc           0%         N/A       63%         2
 Cigotuvi's Dreadful Rot  Necr/Pois/Air  0%         N/A       63%         2
 Ensorcelled Hibernation  Hex/Ice        0%         N/A       63%         2
 Lesser Beckoning         Tloc           0%         N/A       63%         2
 Momentum Strike          Conj/Tloc      0%         3d8       63%         2
 Poisonous Vapours        Pois/Air       0%         N/A       63%         2
 Scorch                   Fire           0%         2d5       63%         2
 Confusing Touch          Hex            0%         N/A       85%         3
 Frozen Ramparts          Ice            0%         1d1       85%         3
 Inner Flame              Hex/Fire       0%         N/A       85%         3
 Mephitic Cloud           Conj/Pois/Air  0%         N/A       85%         3
 Vhi's Electric Charge    Tloc/Air       0%         N/A       85%         3
 Cause Fear               Hex            0%         N/A       99%         4
 Dispel Undead            Necr           0%         3d6       99%         4
 Flame Wave               Conj/Fire      0%         2d4       99%         4
 Ice Form                 Ice/Tmut       0%         N/A       99%         4
 Passage of Golubria      Tloc           0%         N/A       99%         4
 Summon Ice Beast         Ice/Summ       0%         N/A       99%         4
 Blade Hands              Tmut           0%         N/A       100%        5
 Fireball                 Conj/Fire      0%         3d3       100%        5
 Irradiate                Conj/Tmut      0%         3d11      100%        5
 Iskenderun's Battlesphe  Conj           0%         2d6       100%        5
 Silence                  Hex/Air        0%         N/A       100%        5
 Yara's Violent Unravell  Hex/Tmut       0%         3d3       100%        5
 Conjure Ball Lightning   Conj/Air       0%         3x3d6     100%        6
 Summon Cactus Giant      Summ           0%         N/A       100%        6
 Dragon Form              Tmut           0%         N/A       100%        7
 Haunt                    Necr/Summ      0%         N/A       100%        7
 Orb of Destruction       Conj           0%         9d5       100%        7
 Lehudib's Crystal Spear  Conj/Erth      0%         10d2      100%        8

Inventory:

Hand Weapons
 a - a +0 arbalest {crossbow}
   (You found it on level 4 of the Dungeon)
Missiles
 m - 2 javelins (quivered) {throwing}
 A - 2 boomerangs of dispersal {=f!fthrowing}
 D - 22 large rocks {=fthrowing}
 E - 54 poisoned darts {throwing}
 H - 15 boomerangs {throwing}
Armour
 c - a scarf of repulsion (worn)
   (You found it on level 1 of the Dungeon)
 p - a +0 troll leather armour (worn)
   (You found it on level 12 of the Dungeon)
 S - a +2 hat (worn)
   (You found it on level 7 of the Dungeon)
Jewellery
 g - a +6 ring of strength (right claw)
   (You bought it in a shop on level 2 of the Orcish Mines)
 t - an amulet of magic regeneration (around neck) {@e2}
   (You found it on level 5 of the Dungeon)
 B - a ring of see invisible
   (You found it on level 9 of the Dungeon)
 P - a +6 ring of strength (left claw)
   (You found it on level 10 of the Dungeon)
 U - a ring of ice
   (You took it off Fannar on level 11 of the Dungeon)
 Y - a ring of poison resistance
   (You found it on level 11 of the Dungeon)
Wands
 i - a wand of roots (35)
   (You took it off Maurice on level 8 of the Dungeon)
 k - a wand of digging (8)
   (You found it on level 4 of the Dungeon)
 n - a wand of mindburst (24)
   (You found it on level 2 of the Dungeon)
 F - a wand of charming (3)
   (You found it on level 9 of the Dungeon)
 X - a wand of flame (41)
   (You found it on level 8 of the Dungeon)
Scrolls
 d - 4 scrolls of amnesia
 e - 14 scrolls of teleportation {@r4}
 f - 4 scrolls of enchant armour
 u - 3 scrolls of fog
 w - a scroll of identify {@r1}
 x - 3 scrolls of torment {!r}
 z - 4 scrolls of blinking {!r}
 G - 4 scrolls of poison {!r}
 K - 7 scrolls of immolation {!r!r}
 M - 4 scrolls of butterflies
 O - a scroll of silence {!r}
 Q - 2 scrolls of enchant weapon
 T - 6 scrolls of vulnerability {!r!r}
 W - a scroll of magic mapping {!r}
Potions
 b - 3 potions of ambrosia
 h - 5 potions of magic
 j - 5 potions of flight
 l - 6 potions of heal wounds {@q2}
 o - a potion of invisibility {unknown}
 r - 5 potions of brilliance
 s - 4 potions of cancellation
 v - 3 potions of lignification {!q}
 y - 3 potions of haste {@q3}
 C - 8 potions of curing {@q1}
 J - 5 potions of mutation {!q}
 R - 3 potions of resistance
 V - 3 potions of attraction {!q}
 Z - 3 potions of might
Miscellaneous
 q - a lightning rod (4/4)
   (You found it on level 9 of the Dungeon)
 I - a tin of tremorstones (2/2) {throwing}
   (You found it on level 5 of the Lair of Beasts)
 L - a box of beasts
   (You found it on level 1 of the Lair of Beasts)
 N - a phial of floods
   (You found it on level 9 of the Dungeon)

Dungeon Overview and Level Annotations

Branches:
Dungeon (15/15) Zot: 26674  Temple (1/1) D:7 Zot: 5947    Lair (5/5) D:9 Zot: 24357
  Swamp (0/4) Lair:3        Snake (1/4) Lair:3 Zot: 5982   Slime (0/5) Lair:4
    Orc (2/2) D:11 Zot: 10633     Elf (0/3) Orc:2        Vaults (0/5) D:13
  IceCv (visited)
 Depths: D:15

Altars:
Ashenzari
Dithmenos
Elyvilon
Fedhas
Gozag
Hepliaklqana
Kikubaaqudgha
Makhleb
Nemelex Xobeh
Qazlal
Ru
Sif Muna
Uskayaw
Wu Jian
Zin
The Shining One

Shops:
D:1 *   D:5 !   D:9 [[([   D:11 *   Orc:2 *[(=

Annotations:
D:13 exclusion: upstairs
Orc:1 2 transporters, Raruif's ghost, journeyman KoHu

.. ####.. ## ..
...... .#.. ..
....#
.....#.##...#
...#.#.?.#
#!..#...# #
#.#...#...# .#
#.....<.### .#
###.#...°@##..#
#......SSS)..#
#....#..†°...#
#.....S.#....#
##......#.##.#
#...N..... S#
.....#.....# #
.###.#.....#
#.##.#...


You could see a naga ritualist (toxic aura, catching breath) and 5 black mambas.


Message History

The mana viper barely misses you.
Unknown command.
You miss the mana viper. Your claw misses the mana viper.
The mana viper bites you.
You feel your power leaking away. The black mamba bites you!
Unknown command.
Aiming: Wall Jump
Press: ? - help, Dir - move target You repeatedly attack the black mamba from above.
You mangle the black mamba!! You eviscerate the black mamba!!!
You kill the black mamba!
The Council accepts your kill.
You repeatedly attack the mana viper from above.
You claw the mana viper! You eviscerate the mana viper!!!
You kill the mana viper!
The Council accepts your kill.
A black mamba comes into view.
The anaconda barely misses you. The anaconda closely misses you.
A naga comes into view. It is wielding a +0 hand axe.
The anaconda misses you. The anaconda bites you!
The black mamba moves out of view.
You see here an anaconda corpse.
Unknown command.
Aiming: Wall Jump
Press: ? - help, Dir - move target You repeatedly attack the anaconda from above.
You barely miss the anaconda. Your claw misses the anaconda.
You claw the anaconda! Your claw misses the anaconda. You mangle the anaconda!!
You eviscerate the anaconda!!!
You kill the anaconda!
The Council accepts your kill.
You hear an angry hiss.
A naga ritualist comes into view. It is wielding a +0 hand axe.
You mangle the naga!!
You kill the naga!
The Council accepts your kill.
The black mamba hisses angrily.
The naga ritualist spits poison at you. The splash of poison misses you.
You hear an angry hiss.
A black mamba comes into view.
You lunge at the black mamba.
You barely miss the black mamba.
The black mamba hisses angrily.
Your claw misses the black mamba.
You hear an angry hiss.
The black mamba bites you!
You are poisoned.
The black mamba poisons you!
A black mamba comes into view.
The naga ritualist calls down the wrath of its god upon you.
You feel yourself grow more vulnerable to poison.
The black mamba misses you.
The black mamba moves out of view.
Unknown command.
You feel very sick.
A black mamba comes into view.
The naga ritualist spits poison at you. The splash of poison hits you.
You are more poisoned.
Unknown command.
Aiming: Wall Jump
Press: ? - help, Dir - move target You repeatedly attack the black mamba from above.
You miss the black mamba. x2; You closely miss the black mamba.
Your claw misses the black mamba. You completely miss the black mamba.
You feel extremely sick. The black mamba bites you! x3
* * * LOW HITPOINT WARNING * * *
The black mamba bites you!
* * * LOW HITPOINT WARNING * * *
The black mamba barely misses you.
The black mamba bites you but does no damage.
The black mamba bites you!
* * * LOW HITPOINT WARNING * * *
You are more poisoned.
The black mamba poisons you! The black mamba misses you.
The black mamba barely misses you.
You see here an anaconda corpse.
Aiming: Wall Jump
Press: ? - help, Dir - move target You repeatedly attack the black mamba from above.
You eviscerate the black mamba!!!
You kill the black mamba!
The Council accepts your kill.
* * * LOW HITPOINT WARNING * * *
You feel extremely sick.
You hear a shout!
The black mamba bites you!
* * * LOW HITPOINT WARNING * * *
The black mamba barely misses you.
A black mamba comes into view.
The black mamba bites you.
* * * LOW HITPOINT WARNING * * *
The black mamba barely misses you.
The naga ritualist utters an invocation to its god.
The naga ritualist begins to radiate toxic energy.
* * * LOW HITPOINT WARNING * * *
You are more poisoned.
The black mamba bites you!
You die...

Skill      XL: |  1  2  3  4  5  6  7  8  9 10 11 12 13 14 15 |
---------------+----------------------------------------------+-----
Fighting       | 3 4 6 7 8 10 11 | 11.3
Unarmed Combat | 4 5 6 7 8 14 16 18 20 23 24 | 24.1
Dodging        | 3 |  3.7
Stealth        | |  1.0

Action                     |  1- 3 |  4- 6 |  7- 9 | 10-12 | 13-15 || total
---------------------------+-------+-------+-------+-------+-------++-------
  Melee: Unarmed           |    90 |    89 |   225 |   409 |   930 ||  1743
         Punch             |       |     4 |     6 |    36 |    93 ||   139
   Fire: Sling             |       |    10 |    24 |       |       ||    34
         Arbalest          |       |       |    52 |    16 |       ||    68
 Invoke: Serpent's Lash    |       |       |       |     1 |     5 ||     6
         Heavenly Storm    |       |       |       |       |     3 ||     3
Ability: Whirlwind         |       |       |     7 |    61 |   171 ||   239
         Lunge             |       |       |    10 |    43 |   104 ||   157
         Wall Jump         |       |       |     1 |    18 |    21 ||    40
    Use: Scroll            |       |     6 |    13 |     4 |     5 ||    28
         Potion            |       |       |     4 |     1 |       ||     5
   Stab: Sleeping          |     5 |     1 |     1 |     1 |       ||     8
         Distracted        |       |       |       |     1 |     1 ||     2
         Petrified         |       |       |       |       |     2 ||     2
 Armour: Robe              |    28 |    25 |    57 |    89 |    14 ||   213
         Troll leather arm |       |       |       |       |   122 ||   122
  Dodge: Dodged            |    36 |    40 |    98 |   149 |   279 ||   602
         Repelled          |       |       |     2 |     1 |     4 ||     7

Levels and vault maps discovered:
D:1:      wander_arrival_lonely_grave, layout_basic, serial_shops, shop_statue
D:2:      layout_basic, basic_altar, chequers_serial_rivers_large_b,
          kennysheep_small_spiral, minivault_4, minivault_19, uniq_sigmund
D:3:      layout_basic, due_unseen_surprise
D:4:      minmay_recursive_quarters, layout_loops_corners,
          hangedman_minor_gate_pass
D:5:      layout_loops_ring, serial_shops, shop, st_stairs_1,
          nicolae_zen_rock_garden
D:6:      dreamdust_elfheim, layout_rooms, zin_angel, grunt_temple_overflow_open
D:7:      layout_loops_ring, temple_fountains, nrook_mini_vaults
D:8:      layout_rooms, mainiacjoe_overflow_catwalk,
          grunt_dithmenos_smoke_and_mirrors, uniq_erica, uniq_maurice
D:9:      layout_basic, tso_metal_star, erik_lair_orcish_takeover, serial_shops,
          nicolae_shop_hallway_stairs, nicolae_shop_window_shopping,
          nicolae_shop_hallway_stairs, shop
D:10:     layout_grid_maze, grunt_ministairs_15, minmay_shattered_shrine
D:11:     layout_irregular_city, kennysheep_orc_monster_closet_entryway,
          serial_undead, serial_undead_b, serial_undead_a, serial_undead_c,
          serial_undead_f, nicolae_alphabet_shops, uniq_fannar
D:12:     layout_basic, uniq_frances
D:13:     layout_basic, david_vaults_3, kennysheep_generic_room_10,
          uniq_josephine
D:14:     layout_irregular_city, minmay_misc_feat_secret_circle,
          portal_ice_cave_entry_pillars_2, kennysheep_doodads,
          serial_bayou_pond_e, nicolae_uskayaw_murder_on_the_dancefloor
D:15:     gammafunk_depths_entry_grave, layout_irregular_city,
          reono_crystal_passage, uniq_rupert
Temple:   nicolae_temple_superstar
Lair:1:   layout_cave_pods, st_stairs_9, serial_bayou_pond_c,
          lemuel_fruit_fields
Lair:2:   layout_regular_city, grunt_megastairs_3
Lair:3:   layout_hall_layers, swamp_mist, minmay_snake_entry_guardpost_small,
          grunt_megastairs_4, infiniplex_staircase_pool_2, serial_bayou_shore_b
Lair:4:   layout_gridlike, dpeg_slime_entry_enclosed, infiniplex_staircase_pool
Lair:5:   minmay_lair_end_frog_pond, layout_cave_shapes, basic_altar,
          st_stairs_9, patterned_corridor
Snake:1:  layout_misc_corridors, special_room, nicolae_snake_gridmaze_entwining,
          beargit_elvish_explorers
Orc:1:    layout_caves, gammafunk_ghost_arena, uniq_snorg
Orc:2:    st_orc_town, layout_caves, uniq_saint_roka

Notes
Turn   | Place    | Note
-------+----------+-------------------------------------------
     0 | D:1      | Sobieck the Troll Monk began the quest for the Orb.
     0 | D:1      | Reached XP level 1. HP: 22/22 MP: 0/0
   165 | D:1      | Reached XP level 2. HP: 29/29 MP: 1/1
   505 | D:1      | Found Puxt's Assorted Antiques.
   760 | D:2      | You pick up a book of Scorching and begin reading...
   760 | D:2      | You add the spells Scorch, Flame Wave and Summon Cactus
                  | Giant to your library.
   937 | D:2      | Reached skill level 3 in Fighting
   937 | D:2      | Reached XP level 3. HP: 37/37 MP: 2/2
  1203 | D:1      | Bought a scroll labelled QUZUEJ SUSONG for 24 gold pieces
  1203 | D:1      | Bought a coppery potion for 21 gold pieces
  1292 | D:2      | Noticed Sigmund
  1308 | D:2      | Killed Sigmund
  1309 | D:2      | Reached skill level 4 in Fighting
  1309 | D:2      | Reached skill level 4 in Unarmed Combat
  1309 | D:2      | Reached XP level 4. HP: 26/48 MP: 3/3
  1309 | D:2      | Reached XP level 5. HP: 30/54 MP: 4/4
  1439 | D:2      | Found an opulent altar of Gozag.
  1464 | D:2      | Reached skill level 5 in Unarmed Combat
  1498 | D:2      | You pick up a book of Rime and begin reading...
  1498 | D:2      | You add the spells Frozen Ramparts, Ice Form and Summon Ice
                  | Beast to your library.
  2161 | D:3      | Reached XP level 6. HP: 52/62 MP: 5/5
  2982 | D:4      | Reached skill level 6 in Unarmed Combat
  2988 | D:4      | Reached XP level 7. HP: 70/71 MP: 6/6
  2996 | D:4      | Reached skill level 5 in Fighting
  3560 | D:4      | You pick up a book of Transfigurations {@e2} and begin
                  | reading...
  3560 | D:4      | You add the spells Irradiate, Blade Hands and Dragon Form
                  | to your library.
  3774 | D:5      | Entered Level 5 of the Dungeon
  3846 | D:5      | Found Gadodd's Distillery.
  3929 | D:5      | Bought a potion of cancellation for 120 gold pieces
  3929 | D:5      | Bought a potion of curing for 45 gold pieces
  3929 | D:5      | Bought a potion of degeneration for 15 gold pieces
  3976 | D:5      | Reached skill level 7 in Unarmed Combat
  4012 | D:5      | You add the spells Ensorcelled Hibernation, Vhi's Electric
                  | Charge, Cause Fear, Passage of Golubria and Yara's Violent
                  | Unravelling to your library.
  4012 | D:5      | Got the Folio of the Hyperbolic Jinx
  4205 | D:5      | Reached skill level 6 in Fighting
  4205 | D:5      | Reached XP level 8. HP: 83/83 MP: 7/7
  4623 | D:6      | Found a hide-covered altar of Uskayaw.
  4637 | D:6      | Found a stormy altar of Qazlal.
  4640 | D:6      | Found an opulent altar of Gozag.
  4689 | D:6      | Noticed Duvessa
  4690 | D:6      | Noticed Dowan
  4698 | D:6      | Killed Duvessa
  4712 | D:6      | Killed Dowan
  4713 | D:6      | Reached skill level 8 in Unarmed Combat
  4932 | D:6      | Reached skill level 7 in Fighting
  5108 | D:6      | Found a glowing silver altar of Zin.
  5108 | D:6      | Noticed an angel
  5186 | D:7      | Found a staircase to the Ecumenical Temple.
  5194 | Temple   | Entered the Ecumenical Temple
  5224 | Temple   | Became a worshipper of the Wu Jian Council
  5224 | Temple   | Reached * piety under Wu Jian
  5224 | Temple   | Reached ** piety under Wu Jian
  5352 | D:7      | Reached XP level 9. HP: 85/93 MP: 8/8
  5356 | D:7      | Reached skill level 9 in Unarmed Combat
  5916 | D:8      | Noticed Erica
  5929 | D:8      | Killed Erica
  5930 | D:8      | Reached skill level 8 in Fighting
  6030 | D:8      | Noticed Maurice
  6058 | D:8      | Reached skill level 10 in Unarmed Combat
  6061 | D:8      | Killed Maurice
  6165 | D:8      | Found a blossoming altar of Fedhas.
  6167 | D:8      | Identified a potion of experience
  6168 | D:8      | Reached skill level 14 in Unarmed Combat
  6168 | D:8      | Reached XP level 10. HP: 106/106 MP: 9/9
  6213 | D:8      | Found a shadowy altar of Dithmenos.
  6579 | D:9      | Found Wyijexaq's Antique Armour Shop.
  6595 | D:9      | Found Lufinih's Weapon Shop.
  6627 | D:9      | Found a staircase to the Lair.
  6701 | D:9      | Found Qestroga's Antique Armour Emporium.
  6728 | D:9      | Reached *** piety under Wu Jian
  6729 | D:9      | Reached XP level 11. HP: 110/113 MP: 10/10
  6744 | D:9      | Reached skill level 9 in Fighting
  6766 | D:9      | Found a glowing golden altar of the Shining One.
  7090 | D:9      | Found Exuhop's Antique Armour Boutique.
  7311 | D:9      | Noticed a two-headed ogre
  7321 | D:9      | Killed a two-headed ogre
  7428 | D:10     | Entered Level 10 of the Dungeon
  7429 | D:10     | Upgraded the game from 0.30-a0-939-gc8157cb160 to
                  | 0.30-a0-948-g4fa250aae5
  7570 | D:10     | Reached skill level 15 in Unarmed Combat
  7709 | D:10     | You pick up a book of Spatial Translocations and begin
                  | reading...
  7709 | D:10     | You add the spells Blink, Momentum Strike and Lesser
                  | Beckoning to your library.
  7770 | D:10     | Identified the +8 chain mail "Guamug" {+Blink}
  7905 | D:10     | Noticed a two-headed ogre
  7908 | D:10     | Killed a two-headed ogre
  7984 | D:10     | Noticed a two-headed ogre
  7989 | D:10     | Killed a two-headed ogre
  8278 | D:10     | Noticed a centaur warrior
  8278 | D:10     | Noticed a cyan ugly thing
  8292 | D:10     | Killed a cyan ugly thing
  8295 | D:10     | Killed a centaur warrior
  8295 | D:10     | Reached **** piety under Wu Jian
  8296 | D:10     | Reached skill level 16 in Unarmed Combat
  8377 | D:10     | Noticed a deep elf pyromancer
  8378 | D:10     | Noticed a centaur warrior
  8395 | D:10     | Killed a centaur warrior
  8398 | D:10     | Killed a deep elf pyromancer
  8484 | D:10     | Noticed a boulder beetle
  8496 | D:10     | Killed a boulder beetle
  8568 | D:11     | Noticed Fannar
  8576 | D:11     | Killed Fannar
  8577 | D:11     | Reached skill level 10 in Fighting
  8577 | D:11     | Reached XP level 12. HP: 107/126 MP: 11/11
  8606 | D:11     | You pick up a book of the Moon and begin reading...
  8606 | D:11     | You add the spells Silence and Lehudib's Crystal Spear to
                  | your library.
  8617 | D:11     | You pick up a book of the Moon and begin reading...
  8802 | D:11     | Found Lidur's Luxury Loot.
  8842 | D:11     | Noticed a two-headed ogre
  8847 | D:11     | Killed a two-headed ogre
  8858 | D:11     | Reached skill level 17 in Unarmed Combat
  9206 | D:11     | Reached ***** piety under Wu Jian
  9358 | D:11     | Found a staircase to the Orcish Mines.
  9535 | D:11     | Reached skill level 18 in Unarmed Combat
  9570 | D:11     | Reached skill level 11 in Fighting
 10003 | D:12     | Noticed Frances
 10008 | D:12     | Killed Frances
 10134 | D:12     | Reached XP level 13. HP: 122/137 MP: 12/12
 10325 | D:12     | You pick up a book of Rime and begin reading...
 11025 | D:13     | Noticed Nessos
 11025 | D:13     | Found a gate to the Vaults.
 11169 | D:13     | Noticed Josephine
 11360 | Lair:1   | Entered Level 1 of the Lair of Beasts
 11494 | Lair:1   | Reached skill level 19 in Unarmed Combat
 12273 | Lair:2   | HP: 30/137 [yak (5)]
 12278 | Lair:2   | HP: 29/137 [yak (3)]
 13052 | Lair:3   | Reached skill level 20 in Unarmed Combat
 13089 | Lair:3   | Found a staircase to the Swamp.
 13361 | Lair:3   | Found a staircase to the Snake Pit.
 13365 | Lair:3   | You fall into a shaft and drop 2 floors!
 13365 | Lair:5   | Entered Level 5 of the Lair of Beasts
 13495 | Lair:4   | You pick up a book of Vapours and begin reading...
 13495 | Lair:4   | You add the spells Poisonous Vapours, Cigotuvi's Dreadful
                  | Rot and Mephitic Cloud to your library.
 14195 | Lair:4   | Found a staircase to the Slime Pits.
 14299 | Lair:4   | Reached XP level 14. HP: 138/146 MP: 13/13
 14538 | Lair:4   | Reached skill level 21 in Unarmed Combat
 14756 | Lair:4   | HP: 24/146 [skyshark (23)]
 15000 | Lair:5   | Reached ****** piety under Wu Jian
 15162 | Lair:5   | Found an ancient bone altar of Kikubaaqudgha.
 15307 | Lair:5   | Reached skill level 22 in Unarmed Combat
 15308 | Lair:5   | HP: 33/146 [nine-headed hydra (13)]
 15557 | Lair:5   | You add the spells Confusing Touch, Inner Flame, Dispel
                  | Undead and Haunt to your library.
 15557 | Lair:5   | Got the Quarto of Fascination and Ectoplasm
 16246 | D:13     | Killed Josephine
 16328 | D:13     | Identified the +8 whip "Imautubb" {flame, Str+3}
 16698 | D:13     | Killed Nessos
 16848 | D:13     | Reached skill level 23 in Unarmed Combat
 16970 | D:14     | Found a frozen archway.
 16982 | IceCv    | Entered an ice cave
 17138 | D:14     | Reached XP level 15. HP: 133/153 MP: 14/14
 17219 | D:14     | You pick up a book of Cantrips and begin reading...
 17219 | D:14     | You add the spells Necrotise, Summon Small Mammal and
                  | Apportation to your library.
 17277 | D:14     | You pick up a book of the Spheres and begin reading...
 17277 | D:14     | You add the spells Iskenderun's Battlesphere, Fireball,
                  | Conjure Ball Lightning and Orb of Destruction to your
                  | library.
 17362 | D:14     | Found a hide-covered altar of Uskayaw.
 17494 | D:14     | You pick up a book of Scorching and begin reading...
 17743 | D:15     | Entered Level 15 of the Dungeon
 17978 | Orc:1    | Entered Level 1 of the Orcish Mines
 17978 | Orc:1    | Noticed Snorg
 17981 | Orc:1    | Killed Snorg
 18024 | Orc:1    | Noticed Raruif's ghost (journeyman KoHu)
 18025 | Orc:1    | Found a transporter.
 18131 | Orc:1    | Found a transporter.
 18185 | Orc:2    | Entered Level 2 of the Orcish Mines
 18468 | Orc:2    | Reached skill level 24 in Unarmed Combat
 18640 | Orc:2    | Found Munos Cik's Assorted Antiques.
 18640 | Orc:2    | Found Gurymado's Antique Armour Boutique.
 18648 | Orc:2    | Noticed Saint Roka
 18669 | Orc:2    | HP: 36/153 [Saint Roka/divine providence (12)]
 18672 | Orc:2    | Killed Saint Roka
 18673 | Orc:2    | Reached skill level 3 in Dodging
 18873 | Orc:2    | Found a staircase to the Elven Halls.
 18943 | Orc:2    | Found Siuceha's Weapon Shoppe.
 18966 | Orc:2    | Found Bawi's Jewellery Boutique.
 19008 | Orc:2    | Bought a +6 ring of strength for 396 gold pieces
 19513 | Snake:1  | Entered Level 1 of the Snake Pit
 19527 | Snake:1  | HP: 33/154 [poisoned by a black mamba]
 19527 | Snake:1  | HP: 13/154 [black mamba[a naga ritualist] (6)]
 19527 | Snake:1  | Slain by a black mamba

Vanquished Creatures
  Saint Roka (Orc:2)
  Frances (D:12)
  Nessos (D:13)
  Snorg (Orc:1)
  An ettin (Orc:2)
  Josephine (D:13)
  6 hydras
  Fannar (D:11)
  3 catoblepae
  Erica (D:8)
  5 boulder beetles
  2 anacondas (Snake:1)
  6 centaur warriors
  5 two-headed ogres
  A tengu warrior (D:14)
  7 orc high priests (Orc:2)
  A skeletal warrior (D:15)
  2 skysharks
  An orc knight (D:13)
  3 deep elf pyromancers
  A mana viper (Snake:1)
  9 ugly things
  2 manticores
  5 cyclopes
  7 centaur zombies (D:11)
  5 black mambas
  Maurice (D:8)
  25 cane toads
  6 komodo dragons
  A rime drake (Lair:4)
  A tengu conjurer (D:14)
  3 polar bears
  5 trolls
  2 tyrant leeches (Lair:5)
  A meliai (D:13)
  6 dream sheep (Lair:4)
  22 blink frogs
  A meliai zombie (D:11)
  10 slime creatures
  Sigmund (D:2)
  A shadow (D:11)
  3 water elementals (D:12)
  5 vampires
  9 wraiths
  62 yaks
  4 wyverns
  A steam dragon (D:9)
  16 humans (D:13)
  12 wargs
  2 basilisks
  18 vampire mosquitoes
  4 nagas
  Duvessa (D:6)
  An acid dragon (D:10)
  11 water moccasins
  A sky beast (D:7)
  20 orc warriors
  An ice beast (D:5)
  5 ogres
  A wolf (Lair:1)
  18 centaurs
  2 phantoms
  5 kobold brigands
  9 bullfrogs
  5 scorpions
  2 gnoll sergeants (D:11)
  3 wights (D:7)
  Dowan (D:6)
  11 killer bees
  2 howler monkeys (D:10)
  6 electric eels
  37 orc priests
  6 hounds
  A jelly (D:7)
  3 gnoll boudas
  21 orc wizards
  4 sleepcaps
  6 iguanas
  13 gnolls
  12 adders
  2 white imps
  An ufetubus (D:6)
  3 worms
  102 orcs
  5 endoplasms
  6 giant cockroaches
  8 goblins
  6 hobgoblins
  2 jackals (D:4)
  3 quokkas
  2 training dummies (D:6)
  12 ball pythons
  6 bats
  5 frilled lizards
  21 kobolds
  6 rats
699 creatures vanquished.

Vanquished Creatures (others)
  An orc (D:11)
  13 fungi
  74 plants
  7 withered plants (D:15)
95 creatures vanquished.

Grand Total: 794 creatures vanquished

Table legend:
 A = Non-vault XP
 B = Vault XP
 C = Vault XP percentage of total XP
 D = Non-vault monster count
 E = Vault monster count
 F = Vault count percentage of total count
                 A         B        C        D         E       F
            +---------+---------+-------+---------+---------+-------
      Total |   71145 |   55904 |  44.0 |     454 |     246 |  35.1
            +---------+---------+-------+---------+---------+-------
        D:1 |      27 |       0 |   0.0 |      18 |       0 |   0.0
        D:2 |      78 |     226 |  74.3 |      22 |       1 |   4.3
        D:3 |      57 |       0 |   0.0 |      11 |       0 |   0.0
        D:4 |     507 |     116 |  18.6 |      22 |      14 |  38.9
        D:5 |     592 |     101 |  14.6 |      16 |       2 |  11.1
        D:6 |     412 |     241 |  36.9 |      17 |       4 |  19.0
        D:7 |     959 |       0 |   0.0 |      20 |       0 |   0.0
        D:8 |     719 |    1264 |  63.7 |      23 |       2 |   8.0
        D:9 |    1694 |     668 |  28.3 |      15 |       9 |  37.5
       D:10 |    2258 |    6790 |  75.0 |      18 |      21 |  53.8
       D:11 |    7140 |    6681 |  48.3 |      47 |      32 |  40.5
       D:12 |    4850 |    1540 |  24.1 |      21 |       1 |   4.5
       D:13 |    5923 |    8208 |  58.1 |      23 |      25 |  52.1
       D:14 |    9951 |       0 |   0.0 |      20 |       0 |   0.0
       D:15 |    1690 |     764 |  31.1 |       2 |       1 |  33.3
     Lair:1 |    2405 |     499 |  17.2 |      12 |       2 |  14.3
     Lair:2 |    5615 |    1862 |  24.9 |      21 |       9 |  30.0
     Lair:3 |    4175 |     887 |  17.5 |      17 |       4 |  19.0
     Lair:4 |    7856 |    2180 |  21.7 |      24 |       5 |  17.2
     Lair:5 |    6943 |   11660 |  62.7 |      19 |      39 |  67.2
    Snake:1 |    3309 |       0 |   0.0 |       6 |       0 |   0.0
      Orc:1 |     997 |    1276 |  56.1 |      16 |       4 |  20.0
      Orc:2 |    2988 |   10941 |  78.5 |      44 |      71 |  61.7
            +---------+---------+-------+---------+---------+-------

Illustrated notes

Table legend:
 A = Kills in this place as a percentage of kills in the entire game.
 B = Kills by you in this place as a percentage of kills by you in the entire game.
 C = Kills by friends in this place as a percentage of kills by friends in the entire game.
 D = Other kills in this place as a percentage of other kills in the entire game.
 E = Experience gained in this place as a percentage of experience gained in the entire game.
 F = Experience gained in this place divided by the number of levels of this place that you have seen.
                   A       B       C       D       E      F
               +-------+-------+-------+-------+-------+----------------------
         Total | 100.0 | 100.0 |   N/A | 100.0 | 100.0 | 5082.0
       Dungeon |  58.1 |  58.1 |   N/A | 100.0 |  49.9 | 4230.4
          Lair |  21.7 |  21.7 |   N/A |   0.0 |  34.7 | 8816.4
     Snake Pit |   0.9 |   0.9 |   N/A |   0.0 |   2.6 | 3309.0
  Orcish Mines |  19.3 |  19.3 |   N/A |   0.0 |  12.8 | 8101.0
               +-------+-------+-------+-------+-------+----------------------

Table legend: (Time is in decaauts)
 A = Elapsed time spent in this place.
 B = Non-inter-level travel time spent in this place.
 C = Inter-level travel time spent in this place.
 D = Time resting spent in this place.
 E = Time spent auto-exploring this place.
 F = Levels seen in this place.
 G = Mean time per level.
                   A        B        C        D        E       F      G
               +--------+--------+--------+--------+--------+-----+--------+
         Total |  19317 |  17721 |   1596 |   1283 |  12784 |  25 |  772.7 |
       Dungeon |  13199 |  11942 |   1257 |    800 |   8667 |  15 |  879.9 |
        Temple |     52 |     30 |     22 |      0 |     21 |   1 |   52.0 |
          Lair |   4676 |   4425 |    251 |    419 |   3206 |   5 |  935.2 |
     Snake Pit |     16 |     16 |      0 |      0 |      0 |   1 |   16.0 |
  Orcish Mines |   1366 |   1302 |     64 |     64 |    890 |   2 |  683.0 |
      Ice Cave |      6 |      6 |      0 |      0 |      0 |   1 |    6.0 |
               +--------+--------+--------+--------+--------+-----+--------+

Top non-repeatable levels by time:
    D:12: 1570 daAuts
    D:11: 1256 daAuts
    D:10: 1193 daAuts
     D:4: 1131 daAuts
  Lair:5: 1068 daAuts
  Lair:4: 1056 daAuts
     D:2: 983 daAuts
  Lair:1: 931 daAuts
     D:9: 915 daAuts
   Orc:2: 894 daAuts
  Lair:3: 858 daAuts
     D:5: 842 daAuts
     D:1: 823 daAuts
     D:3: 819 daAuts
    D:13: 819 daAuts
